General information
- name: BNet
- type: Ladder team game (AT/RT)
- host: Battle.net
- saver: bLinn
map: Deadlock
- players: 8
- length: 17:48
- speed: Fast
- version: 1.21 W3XP
- replay type:

» download(156 KB)
Players
team 1 (winner)
bLinn (
orange | 100 APM | 1781 actions | 17:48)
4 Archmage
2 Summon Water Elemental
2 Brilliance Aura
2 Mountain King
1 Storm Bolt
1 Bash
» actions
| Assign group hotkey | 83 | |
| Basic commands | 32 | |
| Build / train | 106 | |
| ESC pressed | 2 | |
| Enter build submenu | 26 | |
| Enter hero's abilities submenu | 6 | |
| Remove unit from queue | 4 | |
| Right click | 800 | |
| Select / deselect | 343 | |
| Select group hotkey | 320 | |
| Use ability | 59 | |
1781 total
» units
| Peasant | 38 | |
| Footman | 4 | |
| Rifleman | 3 | |
| Dragonhawk Rider | 3 | |
| Gryphon Rider | 3 | |
51 total
» upgrades
| Defend | 1 | |
| Lumber Harvesting | 1 | |
| Masonry | 2 | |
| Gunpowder | 0 | |
| Swords | 2 | |
| Cloud | 1 | |
| Animal War Training | 1 | |
| Armor | 1 | |
9 total
» buildings
| Altar of Kings | 1 | |
| Farm | 8 | |
| Lumber Mill | 1 | |
| Scout Tower | 6 | |
| Arcane Tower | 10 | |
| Barracks | 1 | |
| Guard Tower | 4 | |
| Arcane Vault | 1 | |
| Blacksmith | 1 | |
| Keep | 3 | |
| Town Hall | 1 | |
| Gryphon Aviary | 2 | |
| Castle | 3 | |
42 total
» build order
00:02 Altar of Kings
00:03 Farm
00:14 Farm
02:39 Lumber Mill
03:51 Farm
03:56 Scout Tower
03:57 Scout Tower
04:24 Arcane Tower
04:25 Arcane Tower
04:46 Arcane Tower
05:41 Barracks
06:01 Arcane Tower
06:02 Arcane Tower
06:02 Arcane Tower
06:29 Scout Tower
06:31 Scout Tower
07:06 Scout Tower
07:07 Scout Tower
07:17 Guard Tower
07:17 Guard Tower
07:27 Guard Tower
07:27 Guard Tower
07:36 Arcane Tower
07:36 Arcane Tower
07:37 Arcane Tower
07:52 Arcane Vault
08:30 Blacksmith
09:49 Keep
09:50 Keep
09:50 Keep
09:54 Town Hall
10:21 Farm
10:21 Farm
12:30 Gryphon Aviary
12:31 Gryphon Aviary
13:50 Castle
13:50 Castle
14:45 Farm
14:45 Farm
17:07 Farm
» items
| Scroll of Regeneration | 2 | |
| Potion of Healing | 1 | |
3 total
iggy_the_fisk (
pink | 90 APM | 1608 actions | 17:47)
2 Archmage
1 Summon Water Elemental
1 Brilliance Aura
2 Mountain King
1 Storm Bolt
1 Bash
» actions
| Assign group hotkey | 258 | |
| Basic commands | 7 | |
| Build / train | 105 | |
| Enter build submenu | 38 | |
| Enter hero's abilities submenu | 4 | |
| Remove unit from queue | 4 | |
| Right click | 717 | |
| Select / deselect | 272 | |
| Select group hotkey | 112 | |
| Use ability | 91 | |
1608 total
» units
| Peasant | 27 | |
| Flying Machine | 10 | |
37 total
» upgrades
| Masonry | 2 | |
| Gunpowder | 1 | |
| Plating | 1 | |
| Lumber Harvesting | 2 | |
| Flak Cannons | 1 | |
7 total
» buildings
| Altar of Kings | 1 | |
| Farm | 5 | |
| Lumber Mill | 1 | |
| Scout Tower | 23 | |
| Guard Tower | 30 | |
| Arcane Tower | 4 | |
| Keep | 4 | |
| Arcane Vault | 2 | |
| Blacksmith | 1 | |
| Castle | 1 | |
| Workshop | 2 | |
| Town Hall | 2 | |
76 total
» build order
00:04 Altar of Kings
00:13 Farm
01:10 Farm
01:59 Lumber Mill
02:28 Farm
03:32 Scout Tower
03:45 Scout Tower
03:47 Scout Tower
03:50 Scout Tower
03:51 Scout Tower
04:05 Guard Tower
04:19 Guard Tower
04:36 Scout Tower
04:43 Scout Tower
05:01 Guard Tower
05:02 Guard Tower
05:08 Guard Tower
05:09 Guard Tower
05:16 Guard Tower
05:33 Guard Tower
05:34 Arcane Tower
05:35 Arcane Tower
05:35 Arcane Tower
05:42 Scout Tower
05:43 Scout Tower
06:16 Scout Tower
06:17 Scout Tower
06:19 Guard Tower
06:48 Guard Tower
06:51 Scout Tower
06:53 Guard Tower
06:55 Scout Tower
06:55 Scout Tower
07:10 Guard Tower
07:11 Guard Tower
07:17 Scout Tower
07:30 Guard Tower
07:31 Scout Tower
07:38 Keep
07:38 Keep
07:38 Keep
07:53 Guard Tower
07:54 Scout Tower
07:58 Guard Tower
07:58 Guard Tower
07:58 Guard Tower
08:01 Guard Tower
08:02 Guard Tower
08:10 Scout Tower
08:11 Scout Tower
08:15 Guard Tower
08:26 Arcane Vault
08:37 Guard Tower
08:41 Scout Tower
09:06 Guard Tower
09:08 Arcane Vault
09:47 Guard Tower
10:26 Scout Tower
10:29 Scout Tower
10:30 Scout Tower
11:45 Farm
11:46 Farm
11:47 Guard Tower
12:42 Blacksmith
14:00 Castle
14:03 Workshop
14:04 Workshop
14:36 Town Hall
16:01 Town Hall
» items
Mata. (
purple | 119 APM | 2118 actions | 17:47)
6 Beastmaster
3 Summon Quilbeast
2 Summon Bear
1 Stampede
» actions
| Assign group hotkey | 124 | |
| Build / train | 57 | |
| Enter build submenu | 20 | |
| Enter hero's abilities submenu | 6 | |
| Remove unit from queue | 5 | |
| Right click | 1062 | |
| Select / deselect | 400 | |
| Select group hotkey | 357 | |
| Use ability | 87 | |
2118 total
» units
| Wisp | 18 | |
| Hippogryph | 6 | |
| Chimaera | 7 | |
31 total
» upgrades
| Corrosive Breath | 1 | |
| Strength of the Wild | 2 | |
| Reinforced Hides | 1 | |
| Well Spring | 1 | |
5 total
» buildings
| Altar of Elders | 1 | |
| Moon Well | 6 | |
| Ancient of War | 2 | |
| Tree of Life | 2 | |
| Tree of Ages | 2 | |
| Hunter's Hall | 1 | |
| Ancient of Wind | 1 | |
| Tree of Eternity | 2 | |
| Chimaera Roost | 3 | |
| Ancient of Wonders | 1 | |
21 total
» build order
00:06 Altar of Elders
00:10 Moon Well
01:14 Ancient of War
01:29 Tree of Life
02:40 Ancient of War
03:21 Tree of Ages
03:21 Tree of Ages
03:46 Hunter's Hall
05:42 Ancient of Wind
06:17 Tree of Eternity
07:36 Moon Well
08:34 Moon Well
08:40 Chimaera Roost
08:41 Chimaera Roost
08:46 Chimaera Roost
09:09 Tree of Life
09:41 Moon Well
10:11 Moon Well
12:58 Moon Well
14:27 Ancient of Wonders
» items
| Scroll of Town Portal | 1 | |
| Orb of Venom | 1 | |
2 total
TIMG4STROK (
teal | 77 APM | 1373 actions | 17:47)
5 Pandaren Brewmaster
3 Breath of Fire
2 Drunken Brawler
» actions
| Assign group hotkey | 8 | |
| Basic commands | 34 | |
| Build / train | 47 | |
| Enter build submenu | 21 | |
| Enter hero's abilities submenu | 5 | |
| Give item / drop item | 2 | |
| Right click | 655 | |
| Select / deselect | 144 | |
| Select group hotkey | 390 | |
| Use ability | 67 | |
1373 total
» units
» upgrades
| Ultravision | 1 | |
| Strength of the Wild | 3 | |
| Reinforced Hides | 2 | |
| Corrosive Breath | 1 | |
| Well Spring | 1 | |
8 total
» buildings
| Moon Well | 9 | |
| Tree of Life | 2 | |
| Ancient of War | 2 | |
| Altar of Elders | 1 | |
| Hunter's Hall | 1 | |
| Tree of Ages | 1 | |
| Tree of Eternity | 1 | |
| Ancient of Wind | 1 | |
| Ancient of Wonders | 1 | |
| Chimaera Roost | 4 | |
23 total
» build order
00:43 Moon Well
01:10 Tree of Life
01:25 Ancient of War
01:42 Altar of Elders
02:23 Ancient of War
03:47 Hunter's Hall
04:48 Tree of Ages
05:05 Moon Well
05:05 Moon Well
07:12 Tree of Eternity
07:13 Ancient of Wind
07:14 Ancient of Wonders
07:20 Moon Well
07:22 Moon Well
07:23 Moon Well
08:15 Moon Well
08:16 Moon Well
09:54 Chimaera Roost
09:55 Chimaera Roost
09:57 Chimaera Roost
09:57 Chimaera Roost
10:04 Moon Well
13:14 Tree of Life
» items
| Staff of Teleportation | 1 | |
| Boots of Speed | 1 | |
| Orb of Venom | 1 | |
3 total
team 2 (loser)
Heero (
blue | 84 APM | 1487 actions | 17:46)
4 Goblin Tinker
2 Pocket Factory
2 Engineering Upgrade
2 Dreadlord
1 Sleep
1 Vampiric Aura
» actions
| Assign group hotkey | 23 | |
| Basic commands | 54 | |
| Build / train | 41 | |
| ESC pressed | 4 | |
| Enter build submenu | 17 | |
| Enter hero's abilities submenu | 6 | |
| Right click | 818 | |
| Select / deselect | 296 | |
| Select group hotkey | 180 | |
| Use ability | 48 | |
1487 total
» units
| Acolyte | 3 | |
| Ghoul | 6 | |
| Crypt Fiend | 6 | |
| Gargoyle | 5 | |
20 total
» upgrades
» buildings
| Graveyard | 1 | |
| Crypt | 3 | |
| Ziggurat | 6 | |
| Altar of Darkness | 1 | |
| Tomb of Relics | 1 | |
| Halls of the Dead | 1 | |
| Black Citadel | 1 | |
| Nerubian Tower | 1 | |
| Sacrificial Pit | 1 | |
| Boneyard | 2 | |
| Necropolis | 1 | |
19 total
» build order
00:18 Graveyard
00:26 Crypt
00:37 Ziggurat
00:55 Altar of Darkness
01:18 Ziggurat
01:50 Tomb of Relics
02:31 Ziggurat
03:50 Crypt
05:25 Halls of the Dead
07:26 Ziggurat
08:14 Black Citadel
10:10 Ziggurat
10:12 Ziggurat
10:23 Nerubian Tower
10:54 Sacrificial Pit
11:59 Boneyard
12:02 Boneyard
14:02 Crypt
17:24 Necropolis
» items
| Scroll of Town Portal | 1 | |
| Scroll of Healing | 2 | |
| Potion of Healing | 3 | |
| Potion of Mana | 2 | |
8 total
kyfuk (
red | 83 APM | 1453 actions | 17:34)
3 Demon Hunter
1 Evasion
2 Mana Burn
1 Keeper of the Grove
1 Entangling Roots
» actions
| Assign group hotkey | 45 | |
| Basic commands | 40 | |
| Build / train | 50 | |
| Enter build submenu | 20 | |
| Enter hero's abilities submenu | 4 | |
| Remove unit from queue | 1 | |
| Right click | 638 | |
| Select / deselect | 251 | |
| Select group hotkey | 359 | |
| Use ability | 45 | |
1453 total
» units
| Wisp | 15 | |
| Huntress | 9 | |
| Druid of the Claw | 2 | |
| Centaur Outrunner | 1 | |
| Hippogryph | 4 | |
| Druid of the Talon | 2 | |
33 total
» upgrades
| Reinforced Hides | 2 | |
| Druid of the Claw Training | 2 | |
| Ultravision | 1 | |
| Strength of the Wild | 1 | |
| Druid of the Talon Training | 1 | |
7 total
» buildings
| Altar of Elders | 1 | |
| Moon Well | 5 | |
| Ancient of War | 3 | |
| Hunter's Hall | 1 | |
| Tree of Ages | 1 | |
| Ancient of Wonders | 1 | |
| Tree of Eternity | 1 | |
| Ancient of Lore | 2 | |
| Ancient of Wind | 3 | |
| Chimaera Roost | 2 | |
20 total
» build order
00:05 Altar of Elders
00:14 Moon Well
01:23 Ancient of War
01:26 Ancient of War
01:57 Hunter's Hall
02:21 Moon Well
03:35 Ancient of War
05:33 Tree of Ages
05:41 Moon Well
05:43 Moon Well
06:46 Ancient of Wonders
08:10 Tree of Eternity
08:55 Ancient of Lore
08:59 Ancient of Lore
10:51 Moon Well
11:47 Ancient of Wind
13:25 Ancient of Wind
14:35 Chimaera Roost
15:42 Chimaera Roost
17:03 Ancient of Wind
M.Hagiwara[HOT] (
green | 44 APM | 764 actions | 17:31)
3 Keeper of the Grove
2 Entangling Roots
1 Thorns Aura
» actions
| Assign group hotkey | 16 | |
| Basic commands | 43 | |
| Build / train | 23 | |
| Enter build submenu | 15 | |
| Enter hero's abilities submenu | 3 | |
| Remove unit from queue | 2 | |
| Right click | 323 | |
| Select / deselect | 126 | |
| Select group hotkey | 184 | |
| Use ability | 29 | |
764 total
» units
» buildings
| Altar of Elders | 2 | |
| Moon Well | 4 | |
| Ancient of War | 3 | |
| Ancient of Wonders | 2 | |
| Tree of Life | 1 | |
| Tree of Ages | 1 | |
13 total
» build order
00:05 Altar of Elders
00:07 Moon Well
01:23 Ancient of War
01:56 Ancient of War
02:04 Moon Well
03:04 Ancient of Wonders
08:01 Tree of Life
08:10 Ancient of War
08:14 Altar of Elders
08:18 Moon Well
12:50 Tree of Ages
13:48 Moon Well
14:20 Ancient of Wonders
sunghilee[hot] (
yellow | 53 APM | 930 actions | 17:26)
3 Tauren Chieftain
2 Shockwave
1 Endurance Aura
2 Pandaren Brewmaster
1 Breath of Fire
1 Drunken Brawler
» actions
| Assign group hotkey | 14 | |
| Basic commands | 7 | |
| Build / train | 38 | |
| Enter build submenu | 22 | |
| Enter hero's abilities submenu | 5 | |
| Give item / drop item | 2 | |
| Right click | 341 | |
| Select / deselect | 159 | |
| Select group hotkey | 294 | |
| Use ability | 48 | |
930 total
» units
» upgrades
» buildings
| Altar of Storms | 1 | |
| Orc Burrow | 6 | |
| Barracks | 1 | |
| War Mill | 1 | |
| Stronghold | 1 | |
| Voodoo Lounge | 1 | |
| Watch Tower | 5 | |
| Fortress | 1 | |
| Great Hall | 1 | |
| Tauren Totem | 2 | |
| Beastiary | 2 | |
22 total
» build order
00:09 Altar of Storms
00:14 Orc Burrow
00:51 Barracks
01:38 War Mill
01:53 Orc Burrow
03:02 Stronghold
03:29 Voodoo Lounge
04:12 Watch Tower
06:03 Watch Tower
06:07 Watch Tower
06:20 Watch Tower
06:38 Watch Tower
07:40 Fortress
07:43 Orc Burrow
09:57 Orc Burrow
10:09 Great Hall
10:24 Tauren Totem
11:33 Tauren Totem
13:07 Orc Burrow
13:10 Orc Burrow
15:23 Beastiary
15:28 Beastiary
» items
| Healing Salve | 2 | |
| Lesser Clarity Potion | 2 | |
| Scroll of Town Portal | 2 | |
6 total
Chat log
(01:53 / All) Mata.: gg
(01:59 / All) M.Hagiwara[HOT]: O.o
(14:45 / All) Mata.: hi
(16:12 / All) iggy_the_fisk: you have been kapoozled
(16:21 / All) Mata.: *nods*